AoeStats
← _xRegulusx_

Arena

508306368Analyzed
4v4 RM · 12d ago on Sep 21, 2026· 63m 51s· 8 players
Game mode
Random Map
Map size
Large (8 player)
Population
200
Speed
Normal
Resources
Standard
Victory
Conquest
Starting age
Dark Age
Ending age
Imperial Age
RankedLock teamsTeams togetherTeam positionsShared explorationLock speedFull tech treeHidden civsTurbo modeCheats
Victory
Defeat
🇨🇴 Spanish · Colombia
1482
+14
🇲🇽 Hindustanis · Mexico
1478
+14
🇲🇽 Saracens · Mexico
1466
+15
🇲🇽 Italians · Mexico
1437
+16
🇲🇽 Spanish · Mexico
1552
-20
🇺🇸 Byzantines · United States
1451
-15
🇦🇺 Malians · Australia
1369
-12
🇨🇭 Cumans · Switzerland
1368
-12
sebas0995932
10:04 Feudal Age
9:18 Loom
13:29 Castle Age
30:25 Padded Archer Armor
33:50 Horse Collar
38:13 Wheelbarrow
38:47 Husbandry
39:03 Bloodlines
47:04 Imperial Age
45:52 Town Watch
46:48 Scale Barding Armor
46:53 Forging
48:14 Chain Barding Armor
47:35 Light Cavalry
49:22 Iron Casting
48:38 Hussar
50:06 Caravan
52:13 Plate Barding Armor
55:15 Blast Furnace
54:32 Leather Archer Armor
55:07 Conscription
54:16 Elite Conquistador
58:02 Heavy Plow
59:44 Ring Archer Armor
MAXIMO MERIDIO
10:49 Feudal Age
14:56 Castle Age
13:52 Double-Bit Axe
13:47 Horse Collar
15:56 Bow Saw
22:26 Wheelbarrow
21:45 Loom
24:13 Hand Cart
23:50 Gold Mining
25:34 Scale Barding Armor
25:40 Forging
28:13 Imperial Age
26:39 Heavy Plow
27:01 Chain Barding Armor
26:49 Husbandry
27:00 Bloodlines
28:00 Iron Casting
29:04 Gold Shaft Mining
30:19 Plate Barding Armor
29:06 Heavy Camel Rider
31:21 Blast Furnace
31:48 Two-Man Saw
32:19 Scale Mail Armor
33:53 Stone Mining
34:39 Chain Mail Armor
34:09 Light Cavalry
35:09 Elite Ghulam
36:10 Conscription
38:24 Siege Elephant
42:15 Chemistry
41:19 Padded Archer Armor
42:07 Hussar
43:07 Elite Skirmisher
43:40 Fletching
44:06 Leather Archer Armor
45:18 Shatagni
47:22 Coinage
48:35 Bodkin Arrow
50:00 Ballistics
50:07 Bracer
50:38 Ring Archer Armor
55:33 Imperial Camel Rider
56:18 Imperial Camel Rider
58:09 Imperial Camel Rider
58:48 Imperial Camel Rider
_xRegulusx_
10:49 Feudal Age
14:36 Castle Age
12:44 Horse Collar
13:26 Double-Bit Axe
15:49 Bow Saw
20:29 Gold Mining
23:06 Wheelbarrow
25:33 Hand Cart
29:13 Imperial Age
27:12 Heavy Plow
27:26 Stone Mining
27:53 Scale Barding Armor
28:17 Forging
29:11 Gold Shaft Mining
30:25 Chain Barding Armor
29:43 Elite Mameluke
30:34 Husbandry
31:25 Conscription
32:15 Plate Barding Armor
33:22 Iron Casting
34:08 Loom
34:10 Town Watch
35:27 Blast Furnace
36:33 Two-Man Saw
35:20 Capped Ram
36:03 Scale Mail Armor
37:09 Chain Mail Armor
36:56 Squires
36:42 Gambesons
37:39 Pikeman
39:16 Plate Mail Armor
41:43 Chemistry
42:16 Fletching
42:39 Bloodlines
42:48 Masonry
42:59 Ballistics
42:20 Treadmill Crane
43:03 Bodkin Arrow
44:18 Bracer
43:52 Light Cavalry
44:43 Elite Skirmisher
45:32 Thumb Ring
45:26 Hussar
46:07 Padded Archer Armor
46:12 Caravan
46:47 Siege Engineers
49:05 Leather Archer Armor
55:21 Ring Archer Armor
55:56 Siege Ram
57:23 Counterweights
62:36 Heavy Cavalry Archer
63:42 Parthian Tactics
63:38 Arson
kazumakine
10:25 Feudal Age
11:56 Loom
14:27 Castle Age
12:52 Double-Bit Axe
12:49 Horse Collar
16:34 Bow Saw
16:19 Town Watch
18:26 Wheelbarrow
26:02 Imperial Age
24:05 Fletching
24:50 Bodkin Arrow
26:59 Ballistics
26:59 Bracer
28:01 Chemistry
27:48 Padded Archer Armor
29:09 Leather Archer Armor
30:36 Capped Ram
32:55 Masonry
32:40 Murder Holes
36:13 Treadmill Crane
37:03 Architecture
36:18 Onager
39:10 Elite Skirmisher
46:09 Hand Cart
60:32 Light Cavalry
61:39 Scale Barding Armor
61:50 Forging
PaRappa56
10:29 Feudal Age
14:05 Castle Age
12:46 Double-Bit Axe
12:54 Horse Collar
14:37 Loom
17:00 Bow Saw
21:41 Wheelbarrow
21:43 Heavy Plow
22:38 Gold Mining
22:51 Stone Mining
26:55 Imperial Age
24:34 Scale Mail Armor
24:34 Fletching
24:44 Padded Archer Armor
25:09 Ballistics
25:37 Bodkin Arrow
26:01 Elite Skirmisher
26:56 Thumb Ring
26:24 Crossbowman
27:39 Bracer
28:58 Chemistry
29:45 Leather Archer Armor
30:00 Arbalester
32:29 Ring Archer Armor
33:15 Conscription
37:56 Hand Cart
39:12 Guilds
39:33 Coinage
39:03 Caravan
39:42 Scale Barding Armor
39:48 Forging
40:19 Hoardings
40:13 Husbandry
41:10 Chain Barding Armor
42:04 Elite Cataphract
43:31 Plate Barding Armor
43:32 Iron Casting
44:03 Logistica
Duaaa
12:36 Feudal Age
16:03 Castle Age
18:30 Loom
39:46 Imperial Age
40:38 Wheelbarrow
42:16 Scale Mail Armor
42:27 Forging
41:54 Pikeman
43:20 Fletching
44:08 Gambesons
44:25 Squires
45:00 Chain Mail Armor
44:19 Halberdier
45:30 Bodkin Arrow
44:57 Elite Skirmisher
46:06 Padded Archer Armor
48:43 Double-Bit Axe
50:55 Bow Saw
56:58 Bracer
58:22 Leather Archer Armor
59:57 Plate Mail Armor
60:01 Ring Archer Armor
ImOneWithTheTree
7:37 Loom
9:32 Feudal Age
10:56 Double-Bit Axe
11:29 Horse Collar
19:00 Castle Age
18:53 Wheelbarrow
21:13 Bow Saw
21:39 Heavy Plow
22:21 Gold Mining
22:30 Stone Mining
23:37 Town Watch
25:11 Hand Cart
29:15 Imperial Age
26:55 Pikeman
27:35 Squires
27:21 Arson
28:21 Gold Shaft Mining
27:52 Scale Mail Armor
28:10 Forging
29:25 Halberdier
30:38 Conscription
30:38 Chain Mail Armor
30:58 Iron Casting
32:53 Plate Mail Armor
33:38 Blast Furnace
36:02 Crop Rotation
36:37 Two-Man Saw
36:16 Fletching
36:27 Padded Archer Armor
37:42 Ballistics
38:23 Chemistry
37:02 Elite Kipchak
38:52 Man-at-Arms
39:50 Long Swordsman
40:23 Two-Handed Swordsman
41:54 Coinage
41:56 Parthian Tactics
41:37 Thumb Ring
41:30 Bodkin Arrow
41:50 Leather Archer Armor
41:53 Champion
48:11 Ring Archer Armor
51:22 Scale Barding Armor
51:28 Bloodlines
50:39 Light Cavalry
50:42 Cavalier
52:31 Cuman Mercenaries
52:32 Steppe Husbandry
52:25 Hussar
53:46 Chain Barding Armor
53:51 Paladin
59:01 Caravan
60:06 Plate Barding Armor
BeardyNath
11:16 Feudal Age
14:44 Castle Age
13:03 Double-Bit Axe
13:24 Horse Collar
16:02 Bow Saw
20:30 Wheelbarrow
19:47 Town Watch
21:12 Heavy Plow
23:20 Hand Cart
22:53 Loom
28:07 Imperial Age
26:02 Gold Mining
26:43 Scale Barding Armor
27:46 Bloodlines
27:37 Husbandry
27:59 Chain Barding Armor
28:10 Heavy Camel Rider
29:36 Plate Barding Armor
31:23 Coinage
32:24 Forging
34:04 Chemistry
33:44 Banking
35:38 Farimba
35:41 Fletching
36:27 Iron Casting
36:16 Ballistics
36:06 Masonry
36:31 Bodkin Arrow
37:59 Caravan
38:46 Conscription
38:27 Scale Mail Armor
40:27 Chain Mail Armor
40:31 Treadmill Crane
42:13 Plate Mail Armor
41:50 Light Cavalry
48:38 Elite Gbeto
Connection lost

Rejoining the realm…

Still unreachable

The connection could not be restored.

Session expired

The server has moved on; the page needs a fresh start.